NCAA
LOUISIANA STATE TIGERS @ IOWA HAWKEYES
04/19/2024
 
TOP OF THE 1ST
Louisiana State Tigers batting - Pitching for Iowa Hawkeyes : RHP Rodrigo Morales
Pitching: RHP Rodrigo Morales
Batting: RHB Jesús Sandoval 0-0: Swinging Strike
0-1: Foul Ball, location: 2F
0-2: Foul Ball, location: 2F
0-2: Ball
1-2: Ball
2-2: Ball
3-2: Foul Ball, location: 2F
3-2: Base on Balls
Batting: RHB George Arnold 0-0: Swinging Strike
0-1: Ball
1-1: Ball
Wild Pitch!
Jesús Sandoval to second
2-1: Called Strike
2-2: Foul Ball, location: 2F
2-2: Strikes out swinging
Batting: RHB Dave Bryan 0-0: Foul Ball, location: 2F
0-1: Ball
1-1: Foul Ball, location: 2F
1-2: Fly out, F7 (Flyball, 7M)
Batting: RHB Chris McBride 0-0: Ball
1-0: Foul Ball, location: 2F
1-1: Ball
2-1: Ball
3-1: Called Strike
3-2: Strikes out swinging
Top of the 1st over - 0 run(s), 0 hit(s), 0 error(s), 1 left on base; Louisiana State 0 - Iowa 0
BOTTOM OF THE 1ST
Iowa Hawkeyes batting - Pitching for Louisiana State Tigers : LHP Jacob Jackson
Pitching: LHP Jacob Jackson
Batting: RHB Manuel Gómez 0-0: Ball
1-0: Ball
2-0: Ball
3-0: Called Strike
3-1: Base on Balls
Batting: RHB Tucker Waters 0-0: Ball
1-0: Ball
2-0: Ball
3-0: Called Strike
3-1: Swinging Strike
3-2: Fly out, F6 (Popup, 6M)
Batting: LHB Rob Davidson 0-0: Ball
1-0: Ball
2-0: Ball
3-0: Called Strike
3-1: Grounds into double play, 4-6-3 (Groundball, 4)
Bottom of the 1st over - 0 run(s), 0 hit(s), 0 error(s), 0 left on base; Louisiana State 0 - Iowa 0
TOP OF THE 2ND
Louisiana State Tigers batting - Pitching for Iowa Hawkeyes : RHP Rodrigo Morales
Batting: SHB Arturo Sánchez 0-0: Called Strike
0-1: Ball
1-1: Ball
2-1: Fly out, F2 (Popup, 2LF)
Batting: LHB Joaquín Ochoa 0-0: Called Strike
0-1: Swinging Strike
0-2: Ball
1-2: Foul Ball, location: 2F
1-2: Ball
2-2: Ball
3-2: Foul Ball, location: 2F
3-2: Base on Balls
Batting: RHB Gary Sullivan 0-0: Ball
1-0: SINGLE (Line Drive, 8RS)
Joaquín Ochoa to second
Batting: RHB Sergio Mata 0-0: Ball
1-0: Ball
Joaquín Ochoa steals 3rd base
Gary Sullivan to second
2-0: SINGLE (Popup, 9LS)
Joaquín Ochoa scores
Gary Sullivan to third
Batting: RHB Juan Carlos Ortega 0-0: Ball
1-0: Swinging Strike
1-1: Ball
2-1: Ball
3-1: Foul Ball, location: 2F
3-2: Strikes out swinging
Batting: RHB Jesús Sandoval 0-0: Ball
1-0: Swinging Strike
1-1: Foul Ball, location: 2F
1-2: Foul Ball, location: 2F
1-2: Ball
2-2: Strikes out swinging
Top of the 2nd over - 1 run(s), 2 hit(s), 0 error(s), 2 left on base; Louisiana State 1 - Iowa 0
BOTTOM OF THE 2ND
Iowa Hawkeyes batting - Pitching for Louisiana State Tigers : LHP Jacob Jackson
Batting: RHB Rusty Anderson 0-0: Called Strike
0-1: Fly out, F9 (Flyball, 89M)
Batting: RHB José Gonzáles 0-0: Ball
1-0: Swinging Strike
1-1: SINGLE (Line Drive, 8LS)
Batting: RHB Miguel Costa 0-0: Called Strike
0-1: Fly out, F5 (Popup, 15S)
Batting: RHB Kelsey Scott 0-0: SINGLE (Line Drive, 4D)
José Gonzáles to second
Batting: LHB Gilbert Stegall 0-0: Ball
1-0: Ball
2-0: Called Strike
2-1: Ball
3-1: Foul Ball, location: 2F
3-2: Strikes out swinging
Bottom of the 2nd over - 0 run(s), 2 hit(s), 0 error(s), 2 left on base; Louisiana State 1 - Iowa 0
TOP OF THE 3RD
Louisiana State Tigers batting - Pitching for Iowa Hawkeyes : RHP Rodrigo Morales
Batting: RHB George Arnold 0-0: Ball
1-0: Called Strike
1-1: Ball
2-1: Ball
3-1: Foul Ball, location: 2F
3-2: Strikes out swinging
Batting: RHB Dave Bryan 0-0: Called Strike
0-1: Swinging Strike
0-2: Ball
1-2: Foul Ball, location: 2F
1-2: Strikes out swinging
Batting: RHB Chris McBride 0-0: SINGLE (Line Drive, 89S)
Batting: SHB Arturo Sánchez 0-0: Swinging Strike
0-1: Ball
1-1: Called Strike
1-2: Fly out, F7 (Flyball, 7LM)
Top of the 3rd over - 0 run(s), 1 hit(s), 0 error(s), 1 left on base; Louisiana State 1 - Iowa 0
BOTTOM OF THE 3RD
Iowa Hawkeyes batting - Pitching for Louisiana State Tigers : LHP Jacob Jackson
Batting: RHB Joe Brinkman 0-0: Hit by Pitch
Batting: RHB Manuel Gómez 0-0: SINGLE (Groundball, 6MD)
Joe Brinkman to second
Batting: RHB Tucker Waters 0-0: Ball
1-0: Swinging Strike
1-1: Swinging Strike
1-2: Ball
2-2: Ball
3-2: Base on Balls
Joe Brinkman to third
Manuel Gómez to second
Batting: LHB Rob Davidson 0-0: Ball
1-0: Fielders Choice at 2nd, 4-6 (Groundball, 4)
Joe Brinkman scores
Manuel Gómez to third
Batting: RHB Rusty Anderson 0-0: Ball
1-0: Ball
2-0: Ball
3-0: Foul Ball, location: 2F
3-1: Base on Balls
Rob Davidson to second
Batting: RHB José Gonzáles 0-0: Ball
1-0: Fielders Choice at 3rd, U5 (Groundball, 5L)
Manuel Gómez scores
Rusty Anderson to second
Batting: RHB Miguel Costa 0-0: Fly out, F2 (Popup, 2R)
Bottom of the 3rd over - 2 run(s), 1 hit(s), 0 error(s), 2 left on base; Louisiana State 1 - Iowa 2
TOP OF THE 4TH
Louisiana State Tigers batting - Pitching for Iowa Hawkeyes : RHP Rodrigo Morales
Now at C: Gary Simmons
Batting: LHB Joaquín Ochoa 0-0: Called Strike
0-1: Foul Ball, location: 2F
0-2: Strikes out looking
Batting: RHB Gary Sullivan 0-0: Ball
1-0: Ball
2-0: Ground out 4-3 (Groundball, 4M)
Batting: RHB Sergio Mata 0-0: Ball
1-0: Ball
2-0: Ball
3-0: Foul Ball, location: 2F
3-1: Base on Balls
Pitching: RHP Samuel Farrell
Batting: RHB Juan Carlos Ortega 0-0: Foul Ball, location: 2F
0-1: Fly out, F9 (Flyball, 89M)
Top of the 4th over - 0 run(s), 0 hit(s), 0 error(s), 1 left on base; Louisiana State 1 - Iowa 2
BOTTOM OF THE 4TH
Iowa Hawkeyes batting - Pitching for Louisiana State Tigers : LHP Jacob Jackson
Batting: RHB Kelsey Scott 0-0: Called Strike
0-1: Ball
1-1: SOLO HOME RUN (Flyball, 7LD), Distance : 319 ft
Batting: LHB Gilbert Stegall 0-0: Ball
1-0: Bunted foul
1-1: Swinging Strike
1-2: Ball
2-2: Foul Ball, location: 2F
2-2: Foul Ball, location: 2F
2-2: Ball
3-2: Base on Balls
Batting: RHB Joe Brinkman 0-0: Called Strike
0-1: Ball
1-1: DOUBLE (Line Drive, 7LS)
Gilbert Stegall to third
Batting: RHB Manuel Gómez 0-0: Ball
1-0: Swinging Strike
1-1: Foul Ball, location: 2F
1-2: Ball
2-2: Ball
3-2: Foul Ball, location: 2F
3-2: Foul Ball, location: 2F
3-2: Foul Ball, location: 2F
3-2: Foul Ball, location: 2F
3-2: Foul Ball, location: 2F
3-2: Base on Balls
Batting: RHB Gary Simmons 0-0: Called Strike
0-1: Foul Ball, location: 2F
0-2: Ball
1-2: Grounds into double play, 1-2-3 (Groundball, 15)
Joe Brinkman to third
Manuel Gómez to second
Batting: LHB Rob Davidson 0-0: Ball
1-0: Ball
2-0: Foul Ball, location: 2F
2-1: Swinging Strike
2-2: Fly out, F6 (Popup, 5D)
Bottom of the 4th over - 1 run(s), 2 hit(s), 0 error(s), 2 left on base; Louisiana State 1 - Iowa 3
TOP OF THE 5TH
Louisiana State Tigers batting - Pitching for Iowa Hawkeyes : RHP Samuel Farrell
Batting: RHB Jesús Sandoval 0-0: Called Strike
0-1: Ground out 5-3 (Groundball, 5S)
Batting: RHB George Arnold 0-0: Ball
1-0: Foul Ball, location: 2F
1-1: Ball
2-1: Foul Ball, location: 2F
2-2: Ball
3-2: Fly out, F9 (Line Drive, 89XD)
Batting: RHB Dave Bryan 0-0: Ball
1-0: Ball
2-0: Called Strike
2-1: Called Strike
2-2: Ball
3-2: Foul Ball, location: 2F
3-2: Foul Ball, location: 2F
3-2: Strikes out swinging
Top of the 5th over - 0 run(s), 0 hit(s), 0 error(s), 0 left on base; Louisiana State 1 - Iowa 3
BOTTOM OF THE 5TH
Iowa Hawkeyes batting - Pitching for Louisiana State Tigers : LHP Jacob Jackson
Pitching: RHP Tony King
Batting: RHB Rusty Anderson 0-0: Swinging Strike
0-1: Hit by Pitch
Batting: RHB José Gonzáles 0-0: Ball
1-0: Called Strike
1-1: Ball
2-1: Fielders Choice at 2nd, 6-4 (Groundball, 6M)
Batting: RHB Miguel Costa 0-0: Ball
José Gonzáles steals 2nd base
1-0: Intentional Walk
Batting: RHB Kelsey Scott 0-0: Called Strike
0-1: Called Strike
0-2: Ground out U3 (Groundball, 3S)
José Gonzáles to third
Miguel Costa to second
Batting: LHB Gilbert Stegall 0-0: Ball
1-0: Ball
2-0: Ball
3-0: Called Strike
3-1: Called Strike
3-2: Fly out, F7 (Flyball, 78M)
Bottom of the 5th over - 0 run(s), 0 hit(s), 0 error(s), 2 left on base; Louisiana State 1 - Iowa 3
TOP OF THE 6TH
Louisiana State Tigers batting - Pitching for Iowa Hawkeyes : RHP Samuel Farrell
Batting: RHB Chris McBride 0-0: Swinging Strike
0-1: Ball
1-1: Ball
2-1: Swinging Strike
2-2: Ball
3-2: Strikes out looking
Batting: SHB Arturo Sánchez 0-0: SINGLE (Groundball, 6M)
Batting: LHB Joaquín Ochoa 0-0: Ball
1-0: Ball
2-0: Ball
3-0: Called Strike
3-1: Called Strike
3-2: Fielders Choice at 2nd, 3-6 (Groundball, 3)
Batting: RHB Gary Sullivan 0-0: Ball
1-0: Called Strike
1-1: Called Strike
1-2: Ball
Joaquín Ochoa steals 2nd base
2-2: Ball
3-2: Foul Ball, location: 2F
3-2: Base on Balls
Batting: RHB Sergio Mata 0-0: Called Strike
0-1: Ball
1-1: Swinging Strike
1-2: Ball
2-2: Ball
Wild Pitch!
Joaquín Ochoa to third
Gary Sullivan to second
3-2: Fly out, F8 (Flyball, 8LXD)
Top of the 6th over - 0 run(s), 1 hit(s), 0 error(s), 2 left on base; Louisiana State 1 - Iowa 3
BOTTOM OF THE 6TH
Iowa Hawkeyes batting - Pitching for Louisiana State Tigers : RHP Tony King
Batting: RHB Joe Brinkman 0-0: Called Strike
0-1: Ball
1-1: Swinging Strike
1-2: Foul Ball, location: 2F
1-2: Fly out, F8 (Flyball, 8RS)
Batting: RHB Manuel Gómez 0-0: Ball
1-0: Ball
2-0: Fly out, F9 (Flyball, 9LSF)
Batting: RHB Gary Simmons 0-0: Called Strike
0-1: Ball
1-1: DOUBLE (Groundball, 5L)
Batting: LHB Rob Davidson 0-0: Ball
1-0: Ball
2-0: Ball
3-0: Called Strike
3-1: Fly out, F8 (Flyball, 8RM)
Bottom of the 6th over - 0 run(s), 1 hit(s), 0 error(s), 1 left on base; Louisiana State 1 - Iowa 3
TOP OF THE 7TH
Louisiana State Tigers batting - Pitching for Iowa Hawkeyes : RHP Samuel Farrell
Pitching: RHP Jim Henson
Batting: RHB Juan Carlos Ortega 0-0: Foul Ball, location: 2F
0-1: Foul Ball, location: 2F
0-2: Strikes out looking
Batting: RHB Jesús Sandoval 0-0: Ball
1-0: Swinging Strike
1-1: Called Strike
1-2: Foul Ball, location: 2F
1-2: Strikes out swinging
Batting: RHB George Arnold 0-0: Foul Ball, location: 2F
0-1: Swinging Strike
0-2: Foul Ball, location: 2F
0-2: Ball
1-2: Foul Ball, location: 2F
1-2: Foul Ball, location: 2F
1-2: Strikes out swinging
Top of the 7th over - 0 run(s), 0 hit(s), 0 error(s), 0 left on base; Louisiana State 1 - Iowa 3
BOTTOM OF THE 7TH
Iowa Hawkeyes batting - Pitching for Louisiana State Tigers : RHP Tony King
Pitching: RHP Chris Miller
Batting: RHB Rusty Anderson 0-0: Called Strike
0-1: Called Strike
0-2: Strikes out swinging
Batting: RHB José Gonzáles 0-0: SINGLE (Flyball, 7M)
Batting: RHB Miguel Costa 0-0: Swinging Strike
0-1: Fly out, F7 (Flyball, 7D)
Batting: RHB Kelsey Scott 0-0: Ball
1-0: Fly out, F9 (Flyball, 9M)
Bottom of the 7th over - 0 run(s), 1 hit(s), 0 error(s), 1 left on base; Louisiana State 1 - Iowa 3
TOP OF THE 8TH
Louisiana State Tigers batting - Pitching for Iowa Hawkeyes : RHP Jim Henson
Now at 1B: Rob Byrd
Batting: RHB Dave Bryan 0-0: Ball
1-0: Foul Ball, location: 2F
1-1: Foul Ball, location: 2F
1-2: Strikes out swinging
Batting: RHB Chris McBride 0-0: Ball
1-0: Called Strike
1-1: Called Strike
1-2: Foul Ball, location: 2F
1-2: Ball
2-2: Ball
3-2: Strikes out swinging
Batting: SHB Arturo Sánchez 0-0: Ball
1-0: Foul Ball, location: 2F
1-1: Ball
2-1: DOUBLE (Line Drive, 78M)
Pitching: RHP Tim Martin
Batting: LHB Joaquín Ochoa 0-0: Foul Ball, location: 2F
0-1: Swinging Strike
0-2: Ball
1-2: Ball
2-2: Foul Ball, location: 2F
2-2: Foul Ball, location: 2F
2-2: Ball
3-2: Foul Ball, location: 2F
3-2: Foul Ball, location: 2F
3-2: Base on Balls
Batting: RHB Gary Sullivan 0-0: Ground out 5-3 (Groundball, 5L)
Top of the 8th over - 0 run(s), 1 hit(s), 0 error(s), 2 left on base; Louisiana State 1 - Iowa 3
BOTTOM OF THE 8TH
Iowa Hawkeyes batting - Pitching for Louisiana State Tigers : RHP Chris Miller
Batting: LHB Gilbert Stegall 0-0: Called Strike
0-1: Ball
1-1: Ball
2-1: Ball
3-1: Foul Ball, location: 2F
3-2: Ground out 6-3 (Groundball, 6)
Batting: RHB Joe Brinkman 0-0: Ball
1-0: Ball
2-0: Foul Ball, location: 2F
2-1: Ball
3-1: SINGLE (Groundball, 5D)
Batting: RHB Manuel Gómez 0-0: Ball
1-0: Called Strike
1-1: Fly out, F9 (Flyball, 9S)
Batting: RHB Gary Simmons 0-0: Foul Ball, location: 2F
0-1: Foul Ball, location: 2F
0-2: Ball
1-2: Ball
Joe Brinkman is caught stealing 2nd base
Bottom of the 8th over - 0 run(s), 1 hit(s), 0 error(s), 0 left on base; Louisiana State 1 - Iowa 3
TOP OF THE 9TH
Louisiana State Tigers batting - Pitching for Iowa Hawkeyes : RHP Tim Martin
Pitching: RHP Tom Wilson
Batting: RHB Sergio Mata 0-0: Called Strike
0-1: Foul Ball, location: 2F
0-2: Ball
1-2: Ball
2-2: Ball
3-2: SINGLE (Flyball, 8RS)
Pinch Hitting: RHB Willie Townsend 0-0: Ball
1-0: Ball
2-0: Ball
3-0: Base on Balls
Sergio Mata to second
Batting: RHB Jesús Sandoval 0-0: Ball
1-0: Grounds into double play, 6-4-3 (Groundball, 6)
Sergio Mata to third
Batting: RHB George Arnold 0-0: Called Strike
0-1: Ground out 6-3 (Groundball, 6)
Top of the 9th over - 0 run(s), 1 hit(s), 0 error(s), 1 left on base; Louisiana State 1 - Iowa 3
This league is powered by Out of the Park Baseball, the baseball management simulation game for PC, Mac and Linux
Saturday, April 9th, 2016 - OOTP Baseball 16.8 Build 38